Inferno vs Saguenéens

Created - March 21, 2018 at 23:02

Goals
1 2 3 T
Inferno 4 1 2 7
Saguenéens 0 3 0 3
Shots
1 2 3 T
Inferno 17 16 13 46
Saguenéens 10 9 10 29

1st period

1. Inferno , Cal O'Reilly 28 (Tanner Pearson 15, David Savard 17) at 0:45
2. Inferno , Vladimir Zharkov 39 (David Ullstrom 56, David Savard 18) at 11:39
3. Inferno , Kyle Palmieri 23 (Christian Folin 23) at 12:33
4. Inferno , Vladimir Sobotka 28 (David Ullstrom 57) at 15:21

Penalties :
Rhett Rakhshani (Chi) for Tripping (Minor) at 3:20, Luke Witkowski (Chi) for Fighting (Major) at 19:03, Colby Robak (Anc) for Fighting (Major) at 19:03, Colby Robak (Anc) for instigated a fight (Minor) at 19:03, Colby Robak (Anc) for instigated a fight (10 Minutes Misconduct) at 19:03

2nd period

5. Inferno , Vladimir Zharkov 40 (David Ullstrom 58) at 3:16
6. Saguenéens , Teemu Pulkkinen 12 (Henrik Samuelsson 6, Jake McCabe 28) at 8:36
7. Saguenéens , Carl Hagelin 26 (Nick Mattson 15, Carson Mcmillan 32) at 13:07
8. Saguenéens , Carson Mcmillan 31 (Mason Raymond 52, Brett Lebda 25) at 19:31 (PP)

Penalties :
Nikita Kucherov (Chi) for Fighting (Major) at 1:40, Christian Folin (Anc) for Fighting (Major) at 1:40, Juraj Mikus (Chi) for Hooking (Minor) at 5:52, David Savard (Anc) for Holding (Minor) at 18:55

3rd period

9. Inferno , Vladimir Sobotka 29 (David Ullstrom 59, Colby Robak 37) at 3:22
10. Inferno , Vladimir Zharkov 41 (Christian Folin 24, David Ullstrom 60) at 4:10

Penalties :
Brett Lebda (Chi) for Tripping (Minor) at 4:15, David Savard (Anc) for Hooking (Minor) at 8:42, Mason Raymond (Chi) for Interference (Minor) at 13:31, Kyle Palmieri (Anc) for Cross-checking (Minor) at 15:00

Goalie Stats

Michael Hutchinson (Anc), 26 saves from 29 shots - (0.897), W, 22-16-3, 60:00 minutes
Mike Smith (Chi), 12 saves from 16 shots - (0.750), L, 32-16-1, 15:21 minutes
Martin Jones (Chi), 27 saves from 30 shots - (0.900), 44:39 minutes

Players Stats for Inferno

Player Name              G  A  P  +/- PIM S  H  SB GA TA FO     MP     PP MP  PK MP  
------------------------------------------------------------------------------------
Anders Lee               0  0  0   1  0   0  3  0  0  0  6/14   19:27   4:18   1:59 
Bryan Rust               0  0  0   1  0   0  1  1  0  0  0/0    12:04   0:11   0:03 
Cal O'Reilly             1  0  1   0  0   2  2  1  0  0  6/9    11:14   0:00   0:00 
Christian Folin          0  2  2   2  5   6  3  0  1  0  0/0    18:58   4:41   1:18 
Colby Robak              0  1  1   3  17  4  1  2  0  1  0/0    18:11   3:41   2:43 
David Savard             0  2  2   4  4   3  3  1  0  0  0/0    25:14   1:15   2:57 
David Ullstrom           0  5  5   4  0   8  2  0  0  0  1/2    23:53   4:20   3:49 
Esa Lindell              0  0  0   0  0   2  0  1  0  1  0/0    15:35   2:36   0:29 
Greg Pateryn             0  0  0  -1  0   2  0  1  0  1  0/0    17:12   1:30   1:34 
Kyle Palmieri            1  0  1   0  2   5  2  1  0  0  1/1    15:41   2:57   0:00 
Mathieu Brodeur          0  0  0   3  0   1  3  2  1  2  0/0    24:17   1:09   3:05 
Matt Kassian             0  0  0   0  0   2  3  0  0  0  1/1    12:17   0:00   0:00 
Matthew Nieto            0  0  0   0  0   1  0  1  0  0  2/2     8:09   0:07   0:55 
Philip Varone            0  0  0  -1  0   0  0  0  0  0  1/2     9:22   2:58   0:00 
Tanner Pearson           0  1  1   1  0   1  4  0  1  0  0/0    13:07   2:58   0:00 
Tyler Shattock           0  0  0   0  0   0  0  2  0  0  0/0     6:50   0:08   0:00 
Vladimir Sobotka         2  0  2   4  0   3  4  0  1  0  29/41  19:47   0:00   3:37 
Vladimir Zharkov         3  0  3   4  0   6  1  0  1  1  0/2    22:04   4:20   1:43 

Players Stats for Saguenéens

Player Name              G  A  P  +/- PIM S  H  SB GA TA FO     MP     PP MP  PK MP  
------------------------------------------------------------------------------------
Artur Gavrus             0  0  0   0  0   0  0  0  0  0  0/0     0:00   0:00   0:00 
Brett Lebda              0  1  1  -3  2   5  3  2  1  0  0/0    29:06   3:52   2:56 
Brody Sutter             0  0  0   0  0   0  0  0  0  0  0/0     1:11   1:02   0:00 
Calle Andersson          0  0  0   0  0   0  0  0  0  0  0/0     0:00   0:00   0:00 
Carl Hagelin             1  0  1  -2  0   4  2  0  0  0  1/1    14:19   1:49   0:00 
Carson Mcmillan          1  1  2  -2  0   4  1  1  1  0  4/9    20:20   3:32   3:52 
Craig Cunningham         0  0  0  -1  0   0  2  0  0  0  0/0    12:21   0:26   1:40 
Dalton Prout             0  0  0  -2  0   1  2  3  0  1  0/0    32:57   3:52   4:21 
Henrik Samuelsson        0  1  1   0  0   2  1  0  0  0  3/9     8:13   0:00   0:00 
Jake McCabe              0  1  1  -3  0   0  1  1  1  1  0/0    22:11   2:11   3:56 
Jerry D'Amigo            0  0  0   0  0   2  2  0  0  0  0/0     8:41   0:19   0:00 
Juraj Mikus              0  0  0  -2  2   1  0  1  0  1  6/13   14:31   1:49   0:00 
Luke Witkowski           0  0  0  -3  5   1  0  4  0  1  0/0    19:57   1:31   2:31 
Mason Raymond            0  1  1  -2  2   1  3  1  1  0  0/2    21:38   3:45   2:56 
Mikhail Grigorenko       0  0  0  -1  0   1  0  1  1  1  3/12    9:55   1:58   1:12 
Nicholas Walters         0  0  0   0  0   0  0  0  0  0  0/0     0:00   0:00   0:00 
Nick Mattson             0  1  1   1  0   1  0  3  0  0  0/0    13:47   0:40   0:34 
Nikita Kucherov          0  0  0  -2  5   4  0  0  1  0  0/1    17:41   2:12   1:54 
Patrick Sieloff          0  0  0   0  0   0  0  0  0  0  0/0     2:07   0:00   0:34 
Rhett Rakhshani          0  0  0  -1  2   0  0  0  0  0  0/1    11:56   0:00   1:53 
Tanner Richard           0  0  0  -1  0   0  0  0  0  0  2/3     9:59   0:00   0:00 
Teemu Pulkkinen          1  0  1   0  0   2  1  0  0  0  0/0     8:25   0:00   0:12 
Zac Rinaldo              0  0  0  -1  0   0  0  1  0  0  8/23   12:48   1:17   1:18 

3 Stars

1 - Vladimir Zharkov (Anc)
2 - David Ullstrom (Anc)
3 - Vladimir Sobotka (Anc)

Power Play

Inferno - 0 on 4 Attempt(s) - 0.00%
Saguenéens - 1 on 4 Attempt(s) - 25.00%

Penalty Kill

Inferno - 3 on 4 Attempt(s) - 75.00% - Score 0 goal in Penalty Kill
Saguenéens - 4 on 4 Attempt(s) - 100.00% - Score 0 goal in Penalty Kill

Team Stat

Inferno - Hits : 32 - Faceoff Wins : 47 - Blocked Shots : 13 - Penalty Minutes : 28
Saguenéens - Hits : 18 - Faceoff Wins : 27 - Blocked Shots : 18 - Penalty Minutes : 18

Official

Referees : Jackson Dave and Peel Tim
Linesman : Steve Miller and Vaughan Rody

Game Notes

Martin Jones enters game at 15:21 of 1st period
Luke Witkowski and Colby Robak fight to a draw at 19:03 of 1st period
Christian Folin beats up Nikita Kucherov at 1:40 of 2nd period
Zac Rinaldo is injured at 18:33 of 2nd period (Strained Left Knee)
Vladimir Zharkov has scored a Hat Trick!

Finance

Level 1 -- Attendance: 1433 (71.65%) -- Ticket Income $57,320
Level 2 -- Attendance: 830 (83.00%) -- Ticket Income $16,600
Total Attendance: 2263 (75.43%)
Total Ticket Income: $73,920
Other Income: $3,696
Total Income: $77,616

Inferno

5 vs 5 Forward 
   Center                   Left Wing                Right Wing               Time % Phy DF OF 
 1 Vladimir Sobotka         David Ullstrom           Vladimir Zharkov         40     1   2  2  
 2 Anders Lee               Matt Kassian             Kyle Palmieri            30     1   2  2  
 3 Cal O'Reilly             Tanner Pearson           Bryan Rust               20     1   2  2  
 4 Philip Varone            Matthew Nieto            Tyler Shattock           10     1   2  2  

5 vs 5 Defense 
   Defense                  Defense                                           Time % Phy DF OF 
 1 Colby Robak              David Savard                                      40     1   2  2  
 2 Mathieu Brodeur          Christian Folin                                   30     1   2  2  
 3 Greg Pateryn             Esa Lindell                                       20     1   2  2  
 4 Mathieu Brodeur          David Savard                                      10     1   2  2  

PowerPlay Forward 
   Center                   Left Wing                Right Wing               Time % Phy DF OF 
 1 Anders Lee               David Ullstrom           Vladimir Zharkov         60     1   2  2  
 2 Philip Varone            Tanner Pearson           Kyle Palmieri            40     1   2  2  

PowerPlay Defense
   Defense                  Defense                                           Time % Phy DF OF 
 1 Colby Robak              Christian Folin                                   60     1   2  2  
 2 Greg Pateryn             Esa Lindell                                       40     1   2  2  

Penalty Kill 4 Players Forward 
   Center                   Wing                     Time % Phy DF OF 
 1 Vladimir Sobotka         David Ullstrom           60     1   2  2  
 2 Anders Lee               Vladimir Zharkov         40     1   2  2  

Penalty Kill 4 Players Defense
   Defense                  Defense                  Time % Phy DF OF 
 1 Colby Robak              David Savard             60     1   2  2  
 2 Mathieu Brodeur          Christian Folin          40     1   2  2  

Penalty Kill - 3 Players Forward 
   Forward                                           Time % Phy DF OF 
 1 Vladimir Sobotka                                  60     1   2  2  
 2 David Ullstrom                                    40     1   2  2  

Penalty Kill - 3 Players Defense
   Defense                  Defense                  Time % Phy DF OF 
 1 Colby Robak              David Savard             60     1   2  2  
 2 Mathieu Brodeur          Christian Folin          40     1   2  2  

4 vs 4 Forward 
   Center                   Wing                     Time % Phy DF OF 
 1 Vladimir Sobotka         Kyle Palmieri            60     1   2  2  
 2 Anders Lee               David Ullstrom           40     1   2  2  

4 vs 4 Defense
   Defense                  Defense                  Time % Phy DF OF 
 1 Colby Robak              David Savard             60     1   2  2  
 2 Mathieu Brodeur          Christian Folin          40     1   2  2  

Last Minutes Offensive
   Center                   Left Wing                Right Wing               Defense                  Defense                  
   Vladimir Sobotka         David Ullstrom           Vladimir Zharkov         Colby Robak              David Savard             

Last Minutes Defensive
   Center                   Left Wing                Right Wing               Defense                  Defense                  
   Vladimir Sobotka         David Ullstrom           Vladimir Zharkov         Colby Robak              David Savard             

Goaltenders
Starting : Michael Hutchinson       
Backup : Christopher Gibson       

Extra Forwards
Normal : Anders Lee, Kyle Palmieri, Bryan Rust - PP : Tanner Pearson, Bryan Rust - PK : Vladimir Zharkov
Extra Defensemen
Normal : Mathieu Brodeur, Christian Folin, Greg Pateryn - PP : Esa Lindell - PK : Mathieu Brodeur, Greg Pateryn
Penalty Shots
Anders Lee, Vladimir Zharkov, Tanner Pearson, Bryan Rust, Matt Kassian

Scratches
Chris Brown (Healthy), Victor Rask (Healthy), Frank Corrado (Healthy), Ryan Spooner (Healthy), Joakim Nordstrom (Healthy)
Trevor Carrick (Healthy), Petteri Lindbohm (Healthy), Daniil Tarasov (Healthy), Branden Troock (Healthy), Simon Danis-Pepin (Healthy)
Luca Sbisa (Healthy), Nathan Lieuwen (Healthy)

Saguenéens

5 vs 5 Forward 
   Center                   Left Wing                Right Wing               Time % Phy DF OF 
 1 Zac Rinaldo              Mason Raymond            Nikita Kucherov          40     1   2  2  
 2 Juraj Mikus              Carl Hagelin             Carson Mcmillan          30     1   2  2  
 3 Tanner Richard           Craig Cunningham         Rhett Rakhshani          20     1   2  2  
 4 Henrik Samuelsson        Teemu Pulkkinen          Jerry D'Amigo            10     1   2  2  

5 vs 5 Defense 
   Defense                  Defense                                           Time % Phy DF OF 
 1 Dalton Prout             Brett Lebda                                       40     1   2  2  
 2 Luke Witkowski           Jake McCabe                                       30     1   2  2  
 3 Nick Mattson             Dalton Prout                                      20     1   2  2  
 4 Brett Lebda              Luke Witkowski                                    10     1   2  2  

PowerPlay Forward 
   Center                   Left Wing                Right Wing               Time % Phy DF OF 
 1 Zac Rinaldo              Mason Raymond            Carson Mcmillan          60     1   2  2  
 2 Juraj Mikus              Carl Hagelin             Nikita Kucherov          40     1   2  2  

PowerPlay Defense
   Defense                  Defense                                           Time % Phy DF OF 
 1 Dalton Prout             Brett Lebda                                       60     1   2  2  
 2 Luke Witkowski           Jake McCabe                                       40     1   2  2  

Penalty Kill 4 Players Forward 
   Center                   Wing                     Time % Phy DF OF 
 1 Carson Mcmillan          Mason Raymond            60     1   2  2  
 2 Nikita Kucherov          Zac Rinaldo              40     1   2  2  

Penalty Kill 4 Players Defense
   Defense                  Defense                  Time % Phy DF OF 
 1 Dalton Prout             Brett Lebda              60     1   2  2  
 2 Luke Witkowski           Jake McCabe              40     1   2  2  

Penalty Kill - 3 Players Forward 
   Forward                                           Time % Phy DF OF 
 1 Carson Mcmillan                                   60     1   2  2  
 2 Mason Raymond                                     40     1   2  2  

Penalty Kill - 3 Players Defense
   Defense                  Defense                  Time % Phy DF OF 
 1 Dalton Prout             Brett Lebda              60     1   2  2  
 2 Luke Witkowski           Jake McCabe              40     1   2  2  

4 vs 4 Forward 
   Center                   Wing                     Time % Phy DF OF 
 1 Carson Mcmillan          Mason Raymond            60     1   2  2  
 2 Nikita Kucherov          Zac Rinaldo              40     1   2  2  

4 vs 4 Defense
   Defense                  Defense                  Time % Phy DF OF 
 1 Dalton Prout             Brett Lebda              60     1   2  2  
 2 Luke Witkowski           Jake McCabe              40     1   2  2  

Last Minutes Offensive
   Center                   Left Wing                Right Wing               Defense                  Defense                  
   Zac Rinaldo              Mason Raymond            Carson Mcmillan          Dalton Prout             Brett Lebda              

Last Minutes Defensive
   Center                   Left Wing                Right Wing               Defense                  Defense                  
   Zac Rinaldo              Mason Raymond            Carson Mcmillan          Dalton Prout             Brett Lebda              

Goaltenders
Starting : Mike Smith               
Backup : Martin Jones             

Extra Forwards
Normal : Mikhail Grigorenko, Brody Sutter, Rhett Rakhshani - PP : Mikhail Grigorenko, Brody Sutter - PK : Rhett Rakhshani
Extra Defensemen
Normal : Nick Mattson, Jake McCabe, Dalton Prout - PP : Nick Mattson - PK : Jake McCabe, Dalton Prout
Penalty Shots
Carson Mcmillan, Mason Raymond, Nikita Kucherov, Zac Rinaldo, Carl Hagelin

Scratches
Garret Sparks (Healthy)

% Time on Ice - Inferno

Lines # - Real PCT - Wanted PCT - Time Play
Normal Forward
1 - 36% - 40% - 16:43
2 - 27% - 30% - 12:34
3 - 23% - 20% - 10:41
4 - 13% - 10% - 6:03
Normal Defense
1 - 37% - 40% - 17:02
2 - 30% - 30% - 13:35
3 - 26% - 20% - 11:45
4 - 8% - 10% - 3:39
PP Forward
1 - 60% - 60% - 4:28
2 - 40% - 40% - 2:58
PP Defense
1 - 80% - 60% - 5:56
2 - 20% - 40% - 1:30
PK Forward
1 - 79% - 60% - 4:47
2 - 21% - 40% - 1:16
PK Defense
1 - 87% - 60% - 5:14
2 - 13% - 40% - 0:49
PK3 Forward
1 - 0% - 60%
2 - 0% - 40%
PK3 Defense
1 - 0% - 60%
2 - 0% - 40%
44 Forward
1 - 100% - 60% - 0:30
2 - 0% - 40% - 0:00
44 Defense
1 - 100% - 60% - 0:30
2 - 0% - 40% - 0:00
Last Minute Offensive  - 0:00
Last Minute Defensive  - 0:00
Total
Forward - 60:00
Defense - 60:00

% Time on Ice - Saguenéens

Lines # - Real PCT - Wanted PCT - Time Play
Normal Forward
1 - 33% - 40% - 15:14
2 - 27% - 30% - 12:35
3 - 22% - 20% - 9:59
4 - 18% - 10% - 8:13
Normal Defense
1 - 32% - 40% - 14:50
2 - 33% - 30% - 15:04
3 - 25% - 20% - 11:38
4 - 10% - 10% - 4:29
PP Forward
1 - 70% - 60% - 4:14
2 - 30% - 40% - 1:49
PP Defense
1 - 64% - 60% - 3:52
2 - 36% - 40% - 2:11
PK Forward
1 - 74% - 60% - 5:28
2 - 26% - 40% - 1:58
PK Defense
1 - 66% - 60% - 4:55
2 - 34% - 40% - 2:31
PK3 Forward
1 - 0% - 60%
2 - 0% - 40%
PK3 Defense
1 - 0% - 60%
2 - 0% - 40%
44 Forward
1 - 100% - 60% - 0:30
2 - 0% - 40% - 0:00
44 Defense
1 - 100% - 60% - 0:30
2 - 0% - 40% - 0:00
Last Minute Offensive  - 0:00
Last Minute Defensive  - 0:00
Total
Forward - 60:00
Defense - 60:00

Play by Play

1st period


0:01 of 1st period - Vladimir Sobotka wins face-off versus Zac Rinaldo in neutral zone.
0:45 of 1st period - Wrist shot by Cal O'Reilly.
0:45 of 1st period - Goal by Cal O'Reilly - Inferno : 1 - Saguenéens : 0.
0:46 of 1st period - Matthew Nieto wins face-off versus Henrik Samuelsson in neutral zone.
0:51 of 1st period - Snap shot by Matthew Nieto.
0:51 of 1st period - Shot Misses the Net.
0:53 of 1st period - Snap shot by Christian Folin.
0:53 of 1st period - Deflect By Nick Mattson.
0:53 of 1st period - Stopped by Mike Smith without a rebound.
0:54 of 1st period - Henrik Samuelsson wins face-off versus Philip Varone in Saguenéens zone.
1:07 of 1st period - Wrist shot by Henrik Samuelsson.
1:07 of 1st period - Deflect By Teemu Pulkkinen.
1:07 of 1st period - Shot Misses the Net.
1:07 of 1st period - Puck is out of play.
1:08 of 1st period - Zac Rinaldo wins face-off versus Cal O'Reilly in Inferno zone.
1:23 of 1st period - Wrist shot by Nikita Kucherov.
1:23 of 1st period - Shot Misses the Net.
2:47 of 1st period - Wrist shot by Matt Kassian.
2:47 of 1st period - Shot Misses the Net.
2:49 of 1st period - Snap shot by Kyle Palmieri.
2:49 of 1st period - Shot Misses the Net.
2:51 of 1st period - Slapshot by Greg Pateryn.
2:51 of 1st period - Stopped by Mike Smith with a rebound.
2:53 of 1st period - Slapshot by Esa Lindell.
2:53 of 1st period - Stopped by Mike Smith without a rebound.
2:54 of 1st period - Juraj Mikus wins face-off versus Vladimir Sobotka in Saguenéens zone.
3:20 of 1st period - Minor Penalty to Rhett Rakhshani for Tripping.
3:21 of 1st period - Anders Lee wins face-off versus Carson Mcmillan in Saguenéens zone.
3:28 of 1st period - Snap shot by David Ullstrom.
3:28 of 1st period - Stopped by Mike Smith with a rebound.
3:30 of 1st period - Wrist shot by Christian Folin.
3:30 of 1st period - Shot Misses the Net.
3:32 of 1st period - Snap shot by David Ullstrom.
3:32 of 1st period - Stopped by Mike Smith with a rebound.
3:34 of 1st period - Slapshot by Colby Robak.
3:34 of 1st period - Stopped by Mike Smith with a rebound.
3:48 of 1st period - Dalton Prout is hit by Christian Folin and loses puck.
4:11 of 1st period - Luke Witkowski is hit by Tanner Pearson.
4:59 of 1st period - Luke Witkowski is hit by Tanner Pearson and loses puck.
5:20 of 1st period - Penalty to Rhett Rakhshani is over, Rhett Rakhshani is back on ice.
5:20 of 1st period - Anders Lee is hit by Brett Lebda.
5:32 of 1st period - Icing by Jerry D'Amigo.
5:33 of 1st period - Cal O'Reilly wins face-off versus Henrik Samuelsson in Saguenéens zone.
5:55 of 1st period - Icing by Dalton Prout.
5:56 of 1st period - Henrik Samuelsson wins face-off versus Vladimir Sobotka in Saguenéens zone.
6:01 of 1st period - Snap shot by Luke Witkowski.
6:01 of 1st period - Stopped by Michael Hutchinson without a rebound.
6:02 of 1st period - Zac Rinaldo wins face-off versus Vladimir Sobotka in Inferno zone.
6:15 of 1st period - Snap shot by Nikita Kucherov.
6:15 of 1st period - Shot Misses the Net.
7:17 of 1st period - Snap shot by Jerry D'Amigo.
7:17 of 1st period - Stopped by Michael Hutchinson with a rebound.
7:49 of 1st period - Mason Raymond is hit by Anders Lee and loses puck.
8:27 of 1st period - Jake McCabe is hit by David Ullstrom and loses puck.
9:04 of 1st period - Zac Rinaldo is hit by Colby Robak and loses puck.
10:04 of 1st period - Snap shot by Anders Lee.
10:04 of 1st period - Shot Blocked by Nick Mattson.
10:06 of 1st period - Slapshot by Christian Folin.
10:06 of 1st period - Stopped by Mike Smith without a rebound.
10:07 of 1st period - Anders Lee wins face-off versus Juraj Mikus in Saguenéens zone.
10:08 of 1st period - Snap shot by Kyle Palmieri.
10:08 of 1st period - Stopped by Mike Smith with a rebound.
10:10 of 1st period - Slapshot by David Savard.
10:10 of 1st period - Shot Misses the Net.
10:12 of 1st period - Slapshot by Colby Robak.
10:12 of 1st period - Stopped by Mike Smith with a rebound.
10:14 of 1st period - Slapshot by Colby Robak.
10:14 of 1st period - Shot Blocked by Carson Mcmillan.
10:16 of 1st period - Wrist shot by Anders Lee.
10:16 of 1st period - Shot Blocked by Nick Mattson.
10:18 of 1st period - Slapshot by Colby Robak.
10:18 of 1st period - Stopped by Mike Smith without a rebound.
10:19 of 1st period - Juraj Mikus wins face-off versus Vladimir Sobotka in Saguenéens zone.
10:19 of 1st period - Juraj Mikus is hit by Vladimir Zharkov.
10:42 of 1st period - Icing by Carson Mcmillan.
10:43 of 1st period - Tanner Richard wins face-off versus Anders Lee in Saguenéens zone.
11:08 of 1st period - Snap shot by Teemu Pulkkinen.
11:08 of 1st period - Stopped by Michael Hutchinson with a rebound.
11:20 of 1st period - Kyle Palmieri is hit by Jerry D'Amigo and loses puck.
11:39 of 1st period - Snap shot by Vladimir Zharkov.
11:39 of 1st period - Goal by Vladimir Zharkov - Inferno : 2 - Saguenéens : 0.
11:40 of 1st period - Zac Rinaldo wins face-off versus Vladimir Sobotka in neutral zone.
12:33 of 1st period - Snap shot by Kyle Palmieri.
12:33 of 1st period - Goal by Kyle Palmieri - Inferno : 3 - Saguenéens : 0.
12:34 of 1st period - Vladimir Sobotka wins face-off versus Mason Raymond in neutral zone.
12:37 of 1st period - Zac Rinaldo is hit by Mathieu Brodeur and loses puck.
12:44 of 1st period - Snap shot by Vladimir Sobotka.
12:44 of 1st period - Stopped by Mike Smith without a rebound.
12:45 of 1st period - Zac Rinaldo wins face-off versus Vladimir Sobotka in Saguenéens zone.
12:45 of 1st period - Zac Rinaldo is hit by Vladimir Sobotka.
12:57 of 1st period - Dalton Prout is hit by Vladimir Sobotka and loses puck.
13:51 of 1st period - Wrist shot by Tanner Pearson.
13:51 of 1st period - Shot Misses the Net.
13:53 of 1st period - Snap shot by Mathieu Brodeur.
13:53 of 1st period - Stopped by Mike Smith with a rebound.
13:55 of 1st period - Slapshot by Mathieu Brodeur.
13:55 of 1st period - Shot Blocked by Luke Witkowski.
13:57 of 1st period - Slapshot by Mathieu Brodeur.
13:57 of 1st period - Shot Misses the Net.
13:59 of 1st period - Snap shot by Philip Varone.
13:59 of 1st period - Shot Hit the Post.
14:16 of 1st period - Off-side.
14:17 of 1st period - Anders Lee wins face-off versus Zac Rinaldo in neutral zone.
14:48 of 1st period - Off-side.
14:49 of 1st period - Cal O'Reilly wins face-off versus Juraj Mikus in neutral zone.
15:11 of 1st period - Snap shot by Juraj Mikus.
15:11 of 1st period - Shot Blocked by Greg Pateryn.
15:13 of 1st period - Snap shot by Carson Mcmillan.
15:13 of 1st period - Deflect By Juraj Mikus.
15:13 of 1st period - Stopped by Michael Hutchinson with a rebound.
15:15 of 1st period - Slapshot by Carl Hagelin.
15:15 of 1st period - Stopped by Michael Hutchinson without a rebound.
15:16 of 1st period - Vladimir Sobotka wins face-off versus Zac Rinaldo in Inferno zone.
15:21 of 1st period - Slapshot by Vladimir Sobotka.
15:21 of 1st period - Goal by Vladimir Sobotka - Inferno : 4 - Saguenéens : 0.
15:21 of 1st period - Martin Jones enters game.
15:22 of 1st period - David Ullstrom wins face-off versus Zac Rinaldo in neutral zone.
15:56 of 1st period - Brett Lebda is hit by Anders Lee.
16:12 of 1st period - Wrist shot by Carson Mcmillan.
16:12 of 1st period - Shot Blocked by Matthew Nieto.
16:14 of 1st period - Slapshot by Carl Hagelin.
16:14 of 1st period - Stopped by Michael Hutchinson without a rebound.
16:15 of 1st period - Matthew Nieto wins face-off versus Juraj Mikus in Inferno zone.
16:15 of 1st period - Matthew Nieto is hit by Carson Mcmillan.
16:29 of 1st period - Slapshot by Luke Witkowski.
16:29 of 1st period - Shot Blocked by Tyler Shattock.
16:31 of 1st period - Wrist shot by Carson Mcmillan.
16:31 of 1st period - Shot Blocked by Colby Robak.
16:33 of 1st period - Wrist shot by Carson Mcmillan.
16:33 of 1st period - Stopped by Michael Hutchinson without a rebound.
16:34 of 1st period - Zac Rinaldo wins face-off versus Vladimir Sobotka in Inferno zone.
16:35 of 1st period - Snap shot by Nikita Kucherov.
16:35 of 1st period - Stopped by Michael Hutchinson without a rebound.
16:36 of 1st period - Zac Rinaldo wins face-off versus Vladimir Sobotka in Inferno zone.
16:41 of 1st period - Wrist shot by Nikita Kucherov.
16:41 of 1st period - Stopped by Michael Hutchinson with a rebound.
16:47 of 1st period - Wrist shot by Mason Raymond.
16:47 of 1st period - Shot Misses the Net.
17:25 of 1st period - Wrist shot by Juraj Mikus.
17:25 of 1st period - Shot Misses the Net.
17:57 of 1st period - Snap shot by Jerry D'Amigo.
17:57 of 1st period - Shot Misses the Net.
17:59 of 1st period - Slapshot by Henrik Samuelsson.
17:59 of 1st period - Shot Blocked by Colby Robak.
18:17 of 1st period - Wrist shot by Vladimir Zharkov.
18:17 of 1st period - Shot Blocked by Mason Raymond.
18:19 of 1st period - Slapshot by David Savard.
18:19 of 1st period - Deflect By Mason Raymond.
18:19 of 1st period - Stopped by Martin Jones without a rebound.
18:20 of 1st period - Juraj Mikus wins face-off versus Anders Lee in Saguenéens zone.
18:20 of 1st period - Juraj Mikus is hit by Kyle Palmieri.
18:23 of 1st period - Icing by Carson Mcmillan.
18:24 of 1st period - Juraj Mikus wins face-off versus Anders Lee in Saguenéens zone.
18:24 of 1st period - Juraj Mikus is hit by Matt Kassian.
19:02 of 1st period - Snap shot by Nikita Kucherov.
19:02 of 1st period - Stopped by Michael Hutchinson without a rebound.
19:03 of 1st period - Anders Lee wins face-off versus Rhett Rakhshani in Inferno zone.
19:03 of 1st period - Luke Witkowski and Colby Robak fight to a draw.
19:03 of 1st period - Penalty to Luke Witkowski for Fighting.
19:03 of 1st period - Penalty to Colby Robak for Fighting.
19:03 of 1st period - Penalty to Colby Robak for instigated a fight.
19:03 of 1st period - Penalty to Colby Robak for instigated a fight.
19:04 of 1st period - Vladimir Sobotka wins face-off versus Zac Rinaldo in Inferno zone.
Goals for this period are 4 for Inferno vs 0 for Saguenéens.
Shots for this period are 17 for Inferno vs 10 for Saguenéens.

2nd period


0:01 of 2nd period - Vladimir Sobotka wins face-off versus Zac Rinaldo in neutral zone.
0:05 of 2nd period - Off-side.
0:06 of 2nd period - Vladimir Sobotka wins face-off versus Zac Rinaldo in neutral zone.
0:39 of 2nd period - Slapshot by Brett Lebda.
0:39 of 2nd period - Stopped by Michael Hutchinson without a rebound.
0:40 of 2nd period - Anders Lee wins face-off versus Zac Rinaldo in Inferno zone.
1:03 of 2nd period - Penalty to Colby Robak is over, Kyle Palmieri is send on ice.
1:25 of 2nd period - Snap shot by Cal O'Reilly.
1:25 of 2nd period - Shot Misses the Net.
1:27 of 2nd period - Snap shot by David Savard.
1:27 of 2nd period - Stopped by Martin Jones with a rebound.
1:29 of 2nd period - Wrist shot by Bryan Rust.
1:29 of 2nd period - Shot Blocked by Dalton Prout.
1:31 of 2nd period - Slapshot by Greg Pateryn.
1:31 of 2nd period - Stopped by Martin Jones without a rebound.
1:32 of 2nd period - Vladimir Sobotka wins face-off versus Zac Rinaldo in Saguenéens zone.
1:33 of 2nd period - Wrist shot by Vladimir Zharkov.
1:33 of 2nd period - Stopped by Martin Jones with a rebound.
1:35 of 2nd period - Snap shot by Vladimir Zharkov.
1:35 of 2nd period - Shot Blocked by Dalton Prout.
1:37 of 2nd period - Slapshot by Vladimir Zharkov.
1:37 of 2nd period - Stopped by Martin Jones with a rebound.
1:39 of 2nd period - Wrist shot by Vladimir Zharkov.
1:39 of 2nd period - Shot Blocked by Dalton Prout.
1:40 of 2nd period - Christian Folin beats up Nikita Kucherov.
1:40 of 2nd period - Penalty to Nikita Kucherov for Fighting.
1:40 of 2nd period - Penalty to Christian Folin for Fighting.
1:41 of 2nd period - Vladimir Sobotka wins face-off versus Zac Rinaldo in Saguenéens zone.
1:44 of 2nd period - Slapshot by Vladimir Sobotka.
1:44 of 2nd period - Shot Misses the Net.
1:46 of 2nd period - Snap shot by Mathieu Brodeur.
1:46 of 2nd period - Deflect By David Ullstrom.
1:46 of 2nd period - Stopped by Martin Jones without a rebound.
1:47 of 2nd period - Vladimir Sobotka wins face-off versus Zac Rinaldo in Saguenéens zone.
2:00 of 2nd period - Backhand shot by Brett Lebda.
2:00 of 2nd period - Stopped by Michael Hutchinson with a rebound.
2:12 of 2nd period - Dalton Prout is hit by Anders Lee and loses puck.
2:54 of 2nd period - Slapshot by Brett Lebda.
2:54 of 2nd period - Stopped by Michael Hutchinson with a rebound.
3:16 of 2nd period - Snap shot by Vladimir Zharkov.
3:16 of 2nd period - Goal by Vladimir Zharkov - Inferno : 5 - Saguenéens : 0.
3:17 of 2nd period - Vladimir Sobotka wins face-off versus Zac Rinaldo in neutral zone.
3:28 of 2nd period - Wrist shot by David Ullstrom.
3:28 of 2nd period - Shot Misses the Net.
3:50 of 2nd period - Off-side.
3:51 of 2nd period - Juraj Mikus wins face-off versus Vladimir Sobotka in neutral zone.
4:08 of 2nd period - Vladimir Sobotka is hit by Carl Hagelin and loses puck.
4:58 of 2nd period - Off-side.
4:59 of 2nd period - Philip Varone wins face-off versus Henrik Samuelsson in neutral zone.
5:12 of 2nd period - David Savard is hit by Teemu Pulkkinen and loses puck.
5:36 of 2nd period - Brett Lebda is hit by Mathieu Brodeur and loses puck.
5:52 of 2nd period - Minor Penalty to Juraj Mikus for Hooking.
5:53 of 2nd period - Carson Mcmillan wins face-off versus Anders Lee in Saguenéens zone.
5:59 of 2nd period - Wrist shot by Mason Raymond.
5:59 of 2nd period - Shot Blocked by Esa Lindell.
6:09 of 2nd period - Wrist shot by David Ullstrom.
6:09 of 2nd period - Stopped by Martin Jones with a rebound.
6:40 of 2nd period - Penalty to Nikita Kucherov is over, Nikita Kucherov is back on ice.
7:11 of 2nd period - Carson Mcmillan is hit by Mathieu Brodeur and loses puck.
7:28 of 2nd period - Brett Lebda is hit by Christian Folin and loses puck.
7:52 of 2nd period - Penalty to Juraj Mikus is over, Juraj Mikus is back on ice.
7:55 of 2nd period - Mason Raymond is hit by David Savard and loses puck.
8:18 of 2nd period - Wrist shot by Rhett Rakhshani.
8:18 of 2nd period - Shot Misses the Net.
8:20 of 2nd period - Slapshot by Brett Lebda.
8:20 of 2nd period - Shot Misses the Net.
8:32 of 2nd period - Snap shot by Henrik Samuelsson.
8:32 of 2nd period - Stopped by Michael Hutchinson with a rebound.
8:34 of 2nd period - Slapshot by Teemu Pulkkinen.
8:34 of 2nd period - Shot Misses the Net.
8:36 of 2nd period - Snap shot by Teemu Pulkkinen.
8:36 of 2nd period - Goal by Teemu Pulkkinen - Inferno : 5 - Saguenéens : 1.
8:37 of 2nd period - Vladimir Sobotka wins face-off versus Tanner Richard in neutral zone.
9:02 of 2nd period - Rhett Rakhshani is hit by Matt Kassian and loses puck.
9:09 of 2nd period - Slapshot by David Savard.
9:09 of 2nd period - Shot Blocked by Luke Witkowski.
9:35 of 2nd period - Wrist shot by Matthew Nieto.
9:35 of 2nd period - Stopped by Martin Jones with a rebound.
9:49 of 2nd period - Luke Witkowski is hit by Tanner Pearson.
9:59 of 2nd period - Mathieu Brodeur is hit by Mason Raymond.
11:09 of 2nd period - Icing by Nick Mattson.
11:10 of 2nd period - Vladimir Sobotka wins face-off versus Carson Mcmillan in Saguenéens zone.
11:26 of 2nd period - Carl Hagelin is hit by David Ullstrom and loses puck.
11:33 of 2nd period - Slapshot by Nick Mattson.
11:33 of 2nd period - Deflect By Carl Hagelin.
11:33 of 2nd period - Stopped by Michael Hutchinson with a rebound.
11:41 of 2nd period - Carl Hagelin is hit by Matt Kassian.
12:23 of 2nd period - Wrist shot by Tyler Shattock.
12:23 of 2nd period - Shot Blocked by Juraj Mikus.
12:43 of 2nd period - Snap shot by Vladimir Sobotka.
12:43 of 2nd period - Shot Blocked by Nick Mattson.
12:54 of 2nd period - Carl Hagelin is hit by Vladimir Sobotka and loses puck.
13:03 of 2nd period - Wrist shot by Carl Hagelin.
13:03 of 2nd period - Shot Misses the Net.
13:05 of 2nd period - Slapshot by Nick Mattson.
13:05 of 2nd period - Shot Misses the Net.
13:07 of 2nd period - Wrist shot by Carl Hagelin.
13:07 of 2nd period - Goal by Carl Hagelin - Inferno : 5 - Saguenéens : 2.
13:08 of 2nd period - Zac Rinaldo wins face-off versus Anders Lee in neutral zone.
13:19 of 2nd period - Nikita Kucherov is hit by Kyle Palmieri and loses puck.
13:46 of 2nd period - Wrist shot by Vladimir Zharkov.
13:46 of 2nd period - Stopped by Martin Jones without a rebound.
13:47 of 2nd period - Vladimir Sobotka wins face-off versus Zac Rinaldo in Saguenéens zone.
13:50 of 2nd period - Wrist shot by David Ullstrom.
13:50 of 2nd period - Stopped by Martin Jones with a rebound.
14:03 of 2nd period - 10 Minutes Misconduct Penalty to Colby Robak is over.
14:46 of 2nd period - Slapshot by Christian Folin.
14:46 of 2nd period - Stopped by Martin Jones without a rebound.
14:47 of 2nd period - Vladimir Sobotka wins face-off versus Zac Rinaldo in Saguenéens zone.
15:17 of 2nd period - Wrist shot by Kyle Palmieri.
15:17 of 2nd period - Stopped by Martin Jones with a rebound.
15:36 of 2nd period - Dalton Prout is hit by David Savard and loses puck.
16:23 of 2nd period - Greg Pateryn is hit by Craig Cunningham and loses puck.
16:44 of 2nd period - Esa Lindell is hit by Mason Raymond and loses puck.
16:57 of 2nd period - Slapshot by Esa Lindell.
16:57 of 2nd period - Deflect By Teemu Pulkkinen.
16:57 of 2nd period - Stopped by Martin Jones without a rebound.
16:58 of 2nd period - Cal O'Reilly wins face-off versus Henrik Samuelsson in Saguenéens zone.
16:59 of 2nd period - Slapshot by Christian Folin.
16:59 of 2nd period - Deflect By Henrik Samuelsson.
16:59 of 2nd period - Stopped by Martin Jones without a rebound.
17:00 of 2nd period - Cal O'Reilly wins face-off versus Zac Rinaldo in Saguenéens zone.
17:05 of 2nd period - Snap shot by Bryan Rust.
17:05 of 2nd period - Shot Blocked by Zac Rinaldo.
17:13 of 2nd period - Snap shot by Mason Raymond.
17:13 of 2nd period - Stopped by Michael Hutchinson with a rebound.
17:15 of 2nd period - Snap shot by Nikita Kucherov.
17:15 of 2nd period - Deflect By Zac Rinaldo.
17:15 of 2nd period - Shot Misses the Net.
17:15 of 2nd period - Puck is out of play.
17:16 of 2nd period - Carl Hagelin wins face-off versus Vladimir Zharkov in Inferno zone.
17:21 of 2nd period - Wrist shot by Carl Hagelin.
17:21 of 2nd period - Shot Blocked by Mathieu Brodeur.
18:31 of 2nd period - Wrist shot by Matthew Nieto.
18:31 of 2nd period - Deflect By Philip Varone.
18:31 of 2nd period - Shot Blocked by Luke Witkowski.
18:31 of 2nd period - Puck is out of play.
18:32 of 2nd period - Zac Rinaldo wins face-off versus Vladimir Zharkov in Saguenéens zone.
18:32 of 2nd period - Zac Rinaldo is hit by Vladimir Sobotka.
18:33 of 2nd period - Zac Rinaldo from Saguenéens is injured at 18:33 of 2nd period (Strained Left Knee).
18:34 of 2nd period - Vladimir Sobotka wins face-off versus Mikhail Grigorenko in Saguenéens zone.
18:55 of 2nd period - Minor Penalty to David Savard for Holding.
18:56 of 2nd period - Vladimir Sobotka wins face-off versus Mikhail Grigorenko in Inferno zone.
18:56 of 2nd period - Vladimir Sobotka is hit by Brett Lebda.
19:31 of 2nd period - Wrist shot by Carson Mcmillan.
19:31 of 2nd period - Goal by Carson Mcmillan - Inferno : 5 - Saguenéens : 3.
19:32 of 2nd period - Mikhail Grigorenko wins face-off versus David Ullstrom in neutral zone.
19:54 of 2nd period - Snap shot by Christian Folin.
19:54 of 2nd period - Stopped by Martin Jones with a rebound.
19:58 of 2nd period - Slapshot by Matt Kassian.
19:58 of 2nd period - Stopped by Martin Jones with a rebound.
Goals for this period are 1 for Inferno vs 3 for Saguenéens.
Shots for this period are 16 for Inferno vs 9 for Saguenéens.

3rd period


0:01 of 3rd period - Vladimir Sobotka wins face-off versus Mikhail Grigorenko in neutral zone.
0:14 of 3rd period - Snap shot by David Ullstrom.
0:14 of 3rd period - Stopped by Martin Jones without a rebound.
0:15 of 3rd period - Kyle Palmieri wins face-off versus Mikhail Grigorenko in Saguenéens zone.
0:26 of 3rd period - Wrist shot by Nikita Kucherov.
0:26 of 3rd period - Shot Blocked by Mathieu Brodeur.
1:01 of 3rd period - Off-side.
1:02 of 3rd period - Vladimir Sobotka wins face-off versus Juraj Mikus in neutral zone.
1:29 of 3rd period - Jake McCabe is hit by Christian Folin and loses puck.
1:52 of 3rd period - Colby Robak is hit by Henrik Samuelsson and loses puck.
3:10 of 3rd period - Off-side.
3:11 of 3rd period - Vladimir Sobotka wins face-off versus Nikita Kucherov in neutral zone.
3:18 of 3rd period - Snap shot by David Ullstrom.
3:18 of 3rd period - Stopped by Martin Jones with a rebound.
3:20 of 3rd period - Snap shot by David Ullstrom.
3:20 of 3rd period - Stopped by Martin Jones with a rebound.
3:22 of 3rd period - Wrist shot by Vladimir Sobotka.
3:22 of 3rd period - Goal by Vladimir Sobotka - Inferno : 6 - Saguenéens : 3.
3:23 of 3rd period - Vladimir Sobotka wins face-off versus Mason Raymond in neutral zone.
3:58 of 3rd period - Wrist shot by Kyle Palmieri.
3:58 of 3rd period - Deflect By Jake McCabe.
3:58 of 3rd period - Shot Blocked by Luke Witkowski.
3:58 of 3rd period - Puck is out of play.
3:59 of 3rd period - Matt Kassian wins face-off versus Juraj Mikus in Saguenéens zone.
4:00 of 3rd period - Wrist shot by Kyle Palmieri.
4:00 of 3rd period - Stopped by Martin Jones without a rebound.
4:01 of 3rd period - Vladimir Sobotka wins face-off versus Juraj Mikus in Saguenéens zone.
4:06 of 3rd period - Snap shot by David Ullstrom.
4:06 of 3rd period - Shot Misses the Net.
4:08 of 3rd period - Slapshot by Christian Folin.
4:08 of 3rd period - Stopped by Martin Jones with a rebound.
4:10 of 3rd period - Snap shot by Vladimir Zharkov.
4:10 of 3rd period - Goal by Vladimir Zharkov - Inferno : 7 - Saguenéens : 3.
4:11 of 3rd period - Vladimir Sobotka wins face-off versus Mikhail Grigorenko in neutral zone.
4:15 of 3rd period - Minor Penalty to Brett Lebda for Tripping.
4:16 of 3rd period - Carson Mcmillan wins face-off versus Anders Lee in Saguenéens zone.
4:21 of 3rd period - Slapshot by Vladimir Zharkov.
4:21 of 3rd period - Shot Blocked by Jake McCabe.
6:15 of 3rd period - Penalty to Brett Lebda is over, Brett Lebda is back on ice.
6:17 of 3rd period - Wrist shot by Nikita Kucherov.
6:17 of 3rd period - Stopped by Michael Hutchinson with a rebound.
6:19 of 3rd period - Wrist shot by Brett Lebda.
6:19 of 3rd period - Stopped by Michael Hutchinson with a rebound.
6:21 of 3rd period - Slapshot by Dalton Prout.
6:21 of 3rd period - Deflect By Brett Lebda.
6:21 of 3rd period - Shot Blocked by Tyler Shattock.
6:21 of 3rd period - Puck is out of play.
6:22 of 3rd period - Henrik Samuelsson wins face-off versus Anders Lee in Inferno zone.
6:23 of 3rd period - Slapshot by Teemu Pulkkinen.
6:23 of 3rd period - Shot Misses the Net.
6:29 of 3rd period - Snap shot by Henrik Samuelsson.
6:29 of 3rd period - Stopped by Michael Hutchinson with a rebound.
6:31 of 3rd period - Slapshot by Brett Lebda.
6:31 of 3rd period - Shot Blocked by Bryan Rust.
6:33 of 3rd period - Snap shot by Jerry D'Amigo.
6:33 of 3rd period - Shot Blocked by David Savard.
6:35 of 3rd period - Wrist shot by Teemu Pulkkinen.
6:35 of 3rd period - Shot Misses the Net.
6:37 of 3rd period - Slapshot by Brett Lebda.
6:37 of 3rd period - Stopped by Michael Hutchinson with a rebound.
6:47 of 3rd period - David Savard is hit by Craig Cunningham and loses puck.
6:54 of 3rd period - Snap shot by Rhett Rakhshani.
6:54 of 3rd period - Shot Misses the Net.
6:56 of 3rd period - Slapshot by Nick Mattson.
6:56 of 3rd period - Stopped by Michael Hutchinson with a rebound.
7:11 of 3rd period - Vladimir Sobotka is hit by Carl Hagelin and loses puck.
8:12 of 3rd period - Slapshot by Kyle Palmieri.
8:12 of 3rd period - Stopped by Martin Jones with a rebound.
8:19 of 3rd period - Off-side.
8:20 of 3rd period - Cal O'Reilly wins face-off versus Mikhail Grigorenko in neutral zone.
8:23 of 3rd period - Wrist shot by David Savard.
8:23 of 3rd period - Stopped by Martin Jones without a rebound.
8:24 of 3rd period - Mikhail Grigorenko wins face-off versus Cal O'Reilly in Saguenéens zone.
8:24 of 3rd period - Mikhail Grigorenko is hit by Cal O'Reilly.
8:34 of 3rd period - Slapshot by Brett Lebda.
8:34 of 3rd period - Shot Misses the Net.
8:36 of 3rd period - Snap shot by Dalton Prout.
8:36 of 3rd period - Shot Blocked by Cal O'Reilly.
8:38 of 3rd period - Snap shot by Mikhail Grigorenko.
8:38 of 3rd period - Stopped by Michael Hutchinson without a rebound.
8:39 of 3rd period - Vladimir Sobotka wins face-off versus Juraj Mikus in Inferno zone.
8:39 of 3rd period - Vladimir Sobotka is hit by Brett Lebda.
8:42 of 3rd period - Minor Penalty to David Savard for Hooking.
8:43 of 3rd period - Mikhail Grigorenko wins face-off versus Vladimir Sobotka in Inferno zone.
8:43 of 3rd period - Slapshot by Mason Raymond.
8:43 of 3rd period - Shot Misses the Net.
8:45 of 3rd period - Snap shot by Dalton Prout.
8:45 of 3rd period - Stopped by Michael Hutchinson without a rebound.
8:46 of 3rd period - Vladimir Sobotka wins face-off versus Mikhail Grigorenko in Inferno zone.
9:11 of 3rd period - Vladimir Sobotka is hit by Dalton Prout and loses puck.
10:42 of 3rd period - Penalty to David Savard is over, David Savard is back on ice.
10:46 of 3rd period - Matthew Nieto is hit by Jake McCabe and loses puck.
10:51 of 3rd period - Wrist shot by Jerry D'Amigo.
10:51 of 3rd period - Stopped by Michael Hutchinson without a rebound.
10:52 of 3rd period - Cal O'Reilly wins face-off versus Henrik Samuelsson in Inferno zone.
10:57 of 3rd period - Slapshot by Tanner Pearson.
10:57 of 3rd period - Stopped by Martin Jones without a rebound.
10:58 of 3rd period - Tanner Richard wins face-off versus Cal O'Reilly in Saguenéens zone.
11:32 of 3rd period - Snap shot by Vladimir Sobotka.
11:32 of 3rd period - Shot Misses the Net.
11:34 of 3rd period - Wrist shot by Vladimir Zharkov.
11:34 of 3rd period - Deflect By David Ullstrom.
11:34 of 3rd period - Shot Blocked by Mikhail Grigorenko.
11:34 of 3rd period - Puck is out of play.
11:35 of 3rd period - Juraj Mikus wins face-off versus Vladimir Sobotka in Saguenéens zone.
12:29 of 3rd period - Slapshot by Matt Kassian.
12:29 of 3rd period - Stopped by Martin Jones without a rebound.
12:30 of 3rd period - Vladimir Sobotka wins face-off versus Mikhail Grigorenko in Saguenéens zone.
13:04 of 3rd period - Snap shot by Tanner Richard.
13:04 of 3rd period - Shot Blocked by Kyle Palmieri.
13:18 of 3rd period - Backhand shot by Cal O'Reilly.
13:18 of 3rd period - Shot Misses the Net.
13:20 of 3rd period - Snap shot by Bryan Rust.
13:20 of 3rd period - Shot Misses the Net.
13:22 of 3rd period - Wrist shot by Cal O'Reilly.
13:22 of 3rd period - Shot Misses the Net.
13:24 of 3rd period - Snap shot by Tanner Pearson.
13:24 of 3rd period - Shot Misses the Net.
13:26 of 3rd period - Wrist shot by Cal O'Reilly.
13:26 of 3rd period - Stopped by Martin Jones without a rebound.
13:27 of 3rd period - Vladimir Sobotka wins face-off versus Mikhail Grigorenko in Saguenéens zone.
13:31 of 3rd period - Minor Penalty to Mason Raymond for Interference.
13:32 of 3rd period - Carson Mcmillan wins face-off versus Anders Lee in Saguenéens zone.
13:40 of 3rd period - Slapshot by Colby Robak.
13:40 of 3rd period - Stopped by Martin Jones without a rebound.
13:41 of 3rd period - Anders Lee wins face-off versus Carson Mcmillan in Saguenéens zone.
13:48 of 3rd period - Snap shot by Anders Lee.
13:48 of 3rd period - Shot Blocked by Brett Lebda.
13:52 of 3rd period - Slapshot by David Ullstrom.
13:52 of 3rd period - Shot Blocked by Brett Lebda.
14:20 of 3rd period - Slapshot by Christian Folin.
14:20 of 3rd period - Shot Hit the Post.
15:00 of 3rd period - Minor Penalty to Kyle Palmieri for Cross-checking.
15:01 of 3rd period - Carson Mcmillan wins face-off versus Vladimir Sobotka in Inferno zone.
15:04 of 3rd period - Snap shot by Carson Mcmillan.
15:04 of 3rd period - Shot Misses the Net.
15:06 of 3rd period - Wrist shot by Carson Mcmillan.
15:06 of 3rd period - Deflect By David Savard.
15:06 of 3rd period - Stopped by Michael Hutchinson with a rebound.
15:08 of 3rd period - Slapshot by Carson Mcmillan.
15:08 of 3rd period - Stopped by Michael Hutchinson without a rebound.
15:09 of 3rd period - Vladimir Sobotka wins face-off versus Carson Mcmillan in Inferno zone.
15:11 of 3rd period - Icing by Bryan Rust.
15:12 of 3rd period - Vladimir Sobotka wins face-off versus Carson Mcmillan in Inferno zone.
15:21 of 3rd period - Brett Lebda is hit by Bryan Rust and loses puck.
15:31 of 3rd period - Penalty to Mason Raymond is over, Mason Raymond is back on ice.
15:55 of 3rd period - Carson Mcmillan is hit by David Savard and loses puck.
16:28 of 3rd period - Anders Lee is hit by Mason Raymond.
16:54 of 3rd period - Anders Lee is hit by Dalton Prout and loses puck.
17:00 of 3rd period - Penalty to Kyle Palmieri is over, Kyle Palmieri is back on ice.
18:05 of 3rd period - Tanner Richard is hit by Tanner Pearson and loses puck.
19:18 of 3rd period - Nick Mattson is hit by Cal O'Reilly and loses puck.
19:24 of 3rd period - Icing by Jerry D'Amigo.
19:25 of 3rd period - Vladimir Sobotka wins face-off versus Henrik Samuelsson in Saguenéens zone.
19:58 of 3rd period - Tanner Pearson is hit by Jerry D'Amigo.
Goals for this period are 2 for Inferno vs 0 for Saguenéens.
Shots for this period are 13 for Inferno vs 10 for Saguenéens.